 Dungeon Crawl Stone Soup version 0.28-a0-48-gfd831c5874 (webtiles) character file.

Game seed: 1792985131344276900

88 lnt the Magician (level 4, -1/35 HPs)
             Began as a Draconian Transmuter on July 29, 2021.
             Slain by a kobold brigand (7 damage)
             ... in a sewer.
             The game lasted 00:05:44 (2471 turns).

lnt the Magician (Draconian Transmuter)             Turns: 2471, Time: 00:05:45

Health: -1/35      AC:  5    Str: 12    XL:     4   Next: 29%
Magic:  9/10       EV: 12    Int: 14    God:
Gold:   82         SH:  0    Dex: 12    Spells: 5/11 levels left

rFire   . . .      SeeInvis .     - Unarmed
rCold   . . .      Faith    .   (no shield)
rNeg    . . .      Spirit   .   (armour unavailable)
rPois   .          Reflect  .   (helmet currently unavailable)
rElec   .          Harm     .   (no cloak)
rCorr   .          Rampage  .   (no gloves)
Will    .....                   (boots currently unavailable)
Stlth   +.........              (no amulet)
HPRegen 0.11/turn               (no ring)
MPRegen 0.12/turn               (no ring)

@: appendages (expiring), very slow
A: horns 2, talons 2, AC +5, unfitting armour, cold-blooded
a: End Transformation


You were in a sewer.
You had temporarily grown beastly horns and talons.
You visited 1 branch of the dungeon, and saw 3 of its levels.
You also visited: Sewer.

You collected 82 gold pieces.

Inventory:

Missiles
 a - 6 boomerangs
Magical Staves
 d - a staff of cold
Scrolls
 c - a scroll of identify {unknown}
 f - a scroll of brand weapon {unknown}
Potions
 b - 2 potions of lignification {unknown}
 e - 2 potions of haste {unknown}
 g - a potion of curing {unknown}


   Skills:
 - Level 1.1 Fighting
 - Level 1.7 Dodging
 - Level 3.0 Unarmed Combat
 - Level 4.2 Spellcasting
 + Level 2.0 Transmutations


You had 5 spell levels left.
You knew the following spells:

 Your Spells              Type           Power      Damage    Failure   Level
a - Beastly Appendage     Tmut           16%        N/A       9%          1
b - Wereblood             Tmut           8%         N/A       12%         2
c - Spider Form           Tmut/Pois      2%         N/A       36%         3

Your spell library contained the following spells:

 Spells                   Type           Power      Damage    Failure   Level
 Magic Dart               Conj           8%         1d3       19%         1
 Ensorcelled Hibernation  Hex/Ice        4%         N/A       28%         2
 Searing Ray              Conj           4%         3d3       28%         2
 Ice Form                 Ice/Tmut       5%         N/A       77%         4
 Fulminant Prism          Conj/Hex       1%         3d6       88%         4
 Shadow Creatures         Summ           N/A        N/A       100%        6


Dungeon Overview and Level Annotations

Branches:
Dungeon (2/15)              Sewer (1/1)

Altars:


Innate Abilities, Weirdness & Mutations

You have temporarily grown beastly horns and talons.
Your plain brown scales are hard. (AC +5)
You cannot fit into any form of body armour.
You are cold-blooded and may be slowed by cold attacks.


Message History

The kobold brigand splashes around in the water.
You hit the kobold brigand but do no damage.
The kobold brigand is heavily wounded.
The kobold brigand splashes around in the water.
You hit the kobold brigand. Your kick misses the kobold brigand.
Your headbutt misses the kobold brigand.
Your tail-slap misses the kobold brigand.
The kobold brigand is severely wounded.
The kobold brigand closely misses you.
You hit the kobold brigand.
Your tail-slap misses the kobold brigand.
The kobold brigand is almost dead.
Your unstable footing causes you to fumble your attack.
Your transformation is almost over.
The kobold brigand hits you but does no damage.
A kobold comes into view. It is wielding a +0 dagger.
Your unstable footing causes you to fumble your attack.
The kobold brigand splashes around in the water.
You hit the kobold brigand but do no damage.
The kobold brigand is almost dead.
The kobold brigand closely misses you.
Okay, then.
Your unstable footing causes you to fumble your attack.
The kobold brigand splashes around in the water.
You closely miss the kobold brigand.
The kobold brigand is almost dead.
The kobold brigand splashes around in the water.
Your unstable footing causes you to fumble your attack.
The kobold brigand splashes around in the water.
You barely miss the kobold brigand. Your kick misses the kobold brigand.
You headbutt the kobold brigand.
You tail-slap the kobold brigand, but do no damage.
The kobold brigand is almost dead.
The kobold brigand hits you with a +0 club.
* * * LOW HITPOINT WARNING * * *
Your unstable footing causes you to fumble your attack.
The kobold brigand hits you but does no damage.
Your unstable footing causes you to fumble your attack.
The kobold brigand hits you with a +0 club!
You die...

#≈# #≈# #≈# #≈# #≈# #≈#
#≈# #≈# #@# #########K##
#..≈≈≈K.KK≈#######
#..≈≈≈)..≈≈..≈...#######
#.≈≈≈≈≈≈≈≈≈≈≈≈≈≈≈≈≈≈≈≈≈#
..≈≈≈≈≈≈≈≈≈≈≈≈≈≈≈≈≈≈≈≈≈≈≈≈
.#.≈≈≈≈≈K≈≈≈≈≈≈≈≈≈≈≈≈≈≈###
#.≈≈≈≈≈.≈..≈.....######
#....≈..≈..###.###


You could see a kobold brigand and 3 kobolds.

Vanquished Creatures
  A river rat (Sewer)
  5 worms
  A dart slug (D:2)
  4 endoplasms (D:1)
  6 giant cockroaches
  5 goblins
  4 hobgoblins
  5 jackals
  A quokka (D:1)
  8 ball pythons
  3 bats
  2 frilled lizards (D:2)
  8 kobolds
  8 rats
61 creatures vanquished.

Notes
Turn   | Place    | Note
-------+----------+-------------------------------------------
     0 | D:1      | lnt the Draconian Transmuter began the quest for the Orb.
     0 | D:1      | Reached XP level 1. HP: 16/16 MP: 3/3
    90 | D:1      | Found a faded altar of an unknown god.
   365 | D:1      | Reached XP level 2. HP: 10/23 MP: 5/5
   651 | D:1      | Reached skill level 3 in Spellcasting
  1076 | D:1      | Reached XP level 3. HP: 28/28 MP: 7/7
  1975 | D:2      | Reached skill level 4 in Spellcasting
  2136 | D:2      | You fall into a shaft and drop 1 floor!
  2136 | D:3      | Found a glowing drain.
  2155 | D:3      | Reached XP level 4. HP: 35/35 MP: 8/10
  2328 | Sewer    | Entered a sewer
  2400 | Sewer    | Learned a level 2 spell: Wereblood
  2404 | Sewer    | Learned a level 3 spell: Spider Form
  2424 | Sewer    | Noticed a kobold brigand
  2471 | Sewer    | Slain by a kobold brigand

Illustrated notes

Levels and vault maps discovered:
D:1:      dpeg_arrival_more_subterranean_lakeside_camping, layout_loops_ring,
          hellmonk_ecumenical_altar_zigzags
D:2:      layout_basic, roderic_roman_lattice, minmay_misc_feat_alley,
          palyth_stone_intersect, kennysheep_nondescript,
          minmay_goblin_kobold_house
D:3:      minmay_chambers_of_threes, layout_basic, cheibrodos_sewer_entry_bend,
          st_stairs_6
Sewer:    sewer_kobolds

Skill      XL: |  1  2  3 |
---------------+----------+-----
Spellcasting   | 3 4 |  4.2
Fighting       | |  1.1
Dodging        | |  1.7
Unarmed Combat | |  3.0
Transmutations | |  2.0

Action                   |  1- 3 |  4- 6 || total
-------------------------+-------+-------++-------
Melee: Unarmed           |   142 |    56 ||   198
       Kick              |    28 |     9 ||    37
       Tailslap          |     8 |     6 ||    14
       Headbutt          |    12 |     5 ||    17
       Punch             |     1 |       ||     1
 Cast: Beastly Appendage |    37 |     6 ||    43
Armor: Skin              |    37 |    10 ||    47
Dodge: Dodged            |    96 |    21 ||   117

Table legend: (Time is in decaauts)
 A = Elapsed time spent in this place.
 B = Non-inter-level travel time spent in this place.
 C = Inter-level travel time spent in this place.
 D = Time resting spent in this place.
 E = Time spent auto-exploring this place.
 F = Levels seen in this place.
 G = Mean time per level.
                   A        B        C        D        E       F      G
               +--------+--------+--------+--------+--------+-----+--------+
         Total |   2481 |   2435 |     46 |    469 |   1469 |   4 |  620.2 |
       Dungeon |   2322 |   2276 |     46 |    469 |   1381 |   3 |  774.0 |
         Sewer |    159 |    159 |      0 |      0 |     88 |   1 |  159.0 |
               +--------+--------+--------+--------+--------+-----+--------+

Top non-repeatable levels by time:
     D:1: 1252 daAuts
     D:2: 877 daAuts
     D:3: 193 daAuts
   Sewer: 159 daAuts
